 Dungeon Crawl Stone Soup version 0.16.1-18-g436b03c (webtiles) character file.

134 Leviathan2552 the Poker (level 5, -1/46 HPs)
             Began as a Formicid Abyssal Knight on May 7, 2015.
             Was a Believer of Lugonu.
             Slain by an orc wizard
             ... wielding a +0 dagger
              (2 damage)
             ... on level 4 of the Dungeon.
             The game lasted 00:07:44 (1887 turns).

Leviathan2552 the Poker (Formicid Abyssal Knight)   Turns: 1887, Time: 00:07:44

Health: -1/46      AC:  8    Str: 17    XL:     5   Next: 40%
Magic:  8/12       EV: 12    Int: 12    God:    Lugonu [**....]
Gold:   155        SH:  5    Dex: 10    Spells: 0 memorised, 4 levels left

rFire  . . .     SeeInvis +     a - +1 spear
rCold  . . .     Clarity  .     l - +0 ring mail
rNeg   . . .     SustAb   .     g - +0 buckler
rPois  .         Gourm    .     (helmet unavailable)
rElec  .         Spirit   .     e - +1 cloak
rCorr  .         Warding  .     (no gloves)
rMut   .         Stasis   +     (no boots)
MR     .....                    (no amulet)
Stlth  ..........               (no ring)
                                k - ring of invisibility

@: invisible, not resistant to hostile enchantments, extremely unstealthy
A: permanent stasis, dig shafts and tunnels, four strong arms, antennae 3
a: Dig, Shaft Self, Depart the Abyss, Bend Space, Renounce Religion


You were on level 4 of the Dungeon.
You worshipped Lugonu.
Lugonu was pleased with you.
You were very hungry.

You visited 1 branch of the dungeon, and saw 5 of its levels.
You visited the Abyss 1 time.

You collected 155 gold pieces.

Inventory:

Hand weapons
 a - a +1 spear (weapon)
Armour
 b - a +0 leather armour
 e - a +1 cloak (worn)
 g - a +0 buckler (worn)
 l - a +0 ring mail (worn)
Jewellery
 k - a ring of invisibility (left hand)
Scrolls
 o - 2 scrolls of identify
 q - 2 scrolls of remove curse
Potions
 r - a potion of invisibility
 s - a potion of restore abilities {unknown}
Books
 t - a book of Cantrips

   Spells                             Type                      Level
   a - Corona                         Hexes                        1
   b - Animate Skeleton               Necromancy                   1
   c - Summon Small Mammal            Summoning                    1
   d - Apportation                    Translocation                1
Comestibles
 c - a bread ration
 d - a royal jelly
 h - a slice of pizza
 u - 3 chunks of flesh


   Skills:
 + Level 5.8 Fighting
 * Level 6.6 Polearms
 + Level 5.4 Armour
 + Level 3.9 Dodging
 + Level 5.8 Shields
 + Level 5.6 Invocations


You had 4 spell levels left.
You didn't know any spells.

Dungeon Overview and Level Annotations

Branches:
Dungeon (6/15)
 Temple: D:4-7

Altars:


Innate Abilities, Weirdness & Mutations

You are under a permanent stasis effect.
You can dig through walls and to a lower floor.
Your four strong arms can wield two-handed weapons with a shield.
You have a pair of large antennae on your head (SInv).


Message History

The orc shouts!
The bat closely misses you.
The orc wizard gestures wildly while chanting.
The orc wizard flickers and vanishes for a moment.
You closely miss the orc wizard.
The orc wizard hits you but does no damage.
The bat hits you.
* * * LOW HITPOINT WARNING * * *
You hit the orc wizard.
The orc wizard is lightly wounded.
You block the bat's attack.
The orc wizard gestures at you while chanting.
The magic dart hits you!
* * * LOW HITPOINT WARNING * * *
Drink which item? (? for menu, Esc to quit)
It was a potion of invisibility.
You fade into invisibility!
You block the bat's attack. The bat hits you but does no damage.
The orc wizard hits you with a dagger.
You die...

,**** *,,,,,,,* ***,* ,*
*,,,,,,<* *.,,* ,* *,,,,,,,*
*.#** .* *,,,,,,,* *.# .#
*,,,,,,,* *.# .# ***,,,***
*.# .# *..#######b# .#
*,#........# .###
*,#.o...@..# ...#
****,#..#..o>.#
.#.###..,#.....##.##*********
........**#..##*#.# *,,,,,,,*
##.###.#* ##,,,,..#
*,*****,***** ##.#
**,***,****### *,**,,,,,,,,,
...# **,*,** **,**,**,,,,,,
#### **,,,* *,,,,,,,,,***, #*
*,,,* *,******,,+∩+,


You could see an orc wizard (invisible), an orc and a bat.

Vanquished Creatures
  Ijyb (D:2)
  An adder (D:2)
  2 giant mites
  An ooze (D:1)
  3 orcs
  A ball python (D:2)
  4 bats
  2 hobgoblins (D:1)
  4 kobolds
  A giant cockroach (D:1)
  A goblin (D:2)
  7 rats
28 creatures vanquished.

Notes
Turn   | Place    | Note
--------------------------------------------------------------
     0 | Abyss:1  | Leviathan2552, the Formicid Abyssal Knight, began the quest for the Orb.
     0 | Abyss:1  | Reached XP level 1. HP: 18/18 MP: 1/1
     8 | D:1      | Escaped the Abyss
   259 | D:1      | Reached skill level 1 in Shields
   259 | D:1      | Reached XP level 2. HP: 22/24 MP: 3/3
   760 | D:2      | Reached XP level 3. HP: 29/29 MP: 5/5
   835 | D:2      | Reached skill level 1 in Dodging
   970 | D:2      | Noticed Ijyb
   988 | D:2      | Acquired Lugonu's second power
  1005 | D:2      | Killed Ijyb
  1005 | D:2      | Reached XP level 4. HP: 12/35 MP: 6/6
  1037 | D:2      | You fall through a shaft for 2 floors!
  1824 | D:4      | Noticed an ogre
  1847 | D:5      | Entered Level 5 of the Dungeon
  1884 | D:4      | Reached skill level 5 in Fighting
  1884 | D:4      | Reached skill level 6 in Polearms
  1884 | D:4      | Reached skill level 5 in Armour
  1884 | D:4      | Reached skill level 5 in Shields
  1884 | D:4      | Reached skill level 5 in Invocations
  1884 | D:4      | Reached XP level 5. HP: 9/46 MP: 8/12
  1886 | D:4      | HP: 1/46 [orc wizard/magic dart (7)]
  1887 | D:4      | Slain by an orc wizard

Action                   |  1- 3 |  4- 6 || total
-------------------------+-------+-------++-------
Melee: Spear             |    88 |    45 ||   133
  Use: Scroll            |       |     6 ||     6
       Potion            |       |     3 ||     3
  Eat: Chunk             |       |     2 ||     2
